 Dungeon Crawl Stone Soup version 0.18-a0-1805-g8ab820f (webtiles) character file.

113 Mefis the Magician (level 4, -6/24 HPs)
             Began as a Deep Elf Wizard on Apr 26, 2016.
             Killed from afar by warlockg3's ghost (8 damage)
             ... with a puff of frost
             ... on level 3 of the Dungeon.
             The game lasted 00:09:37 (2593 turns).

Mefis the Magician (Deep Elf Wizard)                Turns: 2593, Time: 00:09:38

Health: -6/24      AC:  3    Str:  4    XL:     4   Next: 65%
Magic:  13/14      EV: 13    Int: 24    God:
Gold:   104        SH:  0    Dex: 13    Spells: 6 memorised, 3 levels left

rFire  . . .     SeeInvis .     s - +4 quarterstaff (chaos)
rCold  . . .     Gourm    .     a - +0 robe
rNeg   . . .     Faith    .     (shield currently unavailable)
rPois  .         Spirit   .     b - +0 hat
rElec  .         Dismiss  .     t - +0 cloak
rCorr  .         Reflect  .     (no gloves)
SustAt .         Harm     .     (no boots)
MR     .....                    (no amulet)
Stlth  ++........               (no ring)
                                i - ring of wizardry

@: not resistant to hostile enchantments, unstealthy
A: no striking features
a: no special abilities


You were on level 3 of the Dungeon.
You were not hungry.

You visited 1 branch of the dungeon, and saw 3 of its levels.

You collected 104 gold pieces.

Inventory:

Hand Weapons
 f - a +0 short sword of speed
 m - a +2 hunting sling of flaming
 s - a +4 quarterstaff of chaos (weapon)
 w - a +0 blowgun
Missiles
 x - 5 curare-tipped needles
 y - 2 tomahawks (quivered)
Armour
 a - a +0 robe (worn)
 b - a +0 hat (worn)
 t - a +0 cloak (worn)
Jewellery
 i - a ring of wizardry (left hand)
Scrolls
 h - 4 scrolls of identify {unknown}
 j - 5 scrolls of random uselessness {unknown}
 k - 2 scrolls of fog {unknown}
 l - a scroll of fear {unknown}
 n - a scroll of remove curse {unknown}
 o - 2 scrolls of noise {unknown}
 r - a scroll of enchant weapon {unknown}
 v - a scroll of teleportation {unknown}
Potions
 e - a potion of cure mutation {unknown}
 g - a potion of mutation {unknown}
 q - a potion of might {unknown}
Books
 c - a book of Minor Magic

   Spells                             Type                      Level
   a - Magic Dart                     Conjuration                  1
   b - Blink                          Translocation                2
   c - Call Imp                       Summoning                    2
   d - Repel Missiles                 Charms/Air                   2
   e - Slow                           Hexes                        2
   f - Conjure Flame                  Conjuration/Fire             3
   g - Mephitic Cloud                 Conjuration/Poison/Air       3
Comestibles
 d - 6 bread rations
 p - a meat ration
 u - a beef jerky


   Skills:
 + Level 3.0 Dodging
 + Level 3.0 Stealth
 + Level 6.6 Spellcasting
 + Level 1.7 Conjurations
 + Level 1.1 Summonings
 + Level 1.1 Translocations


You had 3 spell levels left.
You knew the following spells:

 Your Spells              Type           Power        Failure   Level  Hunger
a - Magic Dart            Conj           ###.         1%          1    None
b - Call Imp              Summ           ##......     4%          2    None
c - Blink                 Tloc           N/A          4%          2    None
d - Repel Missiles        Chrm/Air       #.....       4%          2    None
e - Mephitic Cloud        Conj/Pois/Air  ##......     9%          3    None
f - Conjure Flame         Conj/Fire      ##......     7%          3    None


Dungeon Overview and Level Annotations

Branches:
Dungeon (3/15)

Altars:
Cheibriados
Kikubaaqudgha

Annotations:
D:3 warlockg3's ghost, amateur DrIE


Message History

The magic dart hits warlockg3's ghost.
Warlockg3's ghost is lightly damaged.
Casting: Magic Dart
Confirm with . or Enter, or press ? or * to list all spells.
Aiming: Magic Dart
Press: ? - help, Shift-Dir - straight line, f/p - warlockg3's ghost
Aim: warlockg3's ghost (lightly damaged)
The magic dart hits warlockg3's ghost.
Warlockg3's ghost is lightly damaged.
Warlockg3's ghost screams, "You must not fail where I succeeded!"
Warlockg3's ghost points at you and mumbles some strange words.
The puff of frost hits you!
Ouch! That really hurt!
Unknown command.
Warlockg3's ghost gestures at you while chanting.
The puff of frost hits you!
* * * LOW HITPOINT WARNING * * *
Warlockg3's ghost gestures at you while chanting.
The puff of frost hits you!
You die...

### #.# #.#.## ####.##
#.###########.## ....#.##
#.W....W......#
##.###.######.#############
..## ##.......#
##.###.##.....#
###.#.###.#####
..^.......##########
####.####.W.....@.># # #.#
############ ####.# .....#
###### # ### #.#


You could see warlockg3's ghost.

Vanquished Creatures
  Crazy Yiuf (D:3)
  2 adders (D:2)
  3 dart slugs (D:1)
  A giant gecko (D:3)
  An orc (D:2)
  6 bats
  A giant cockroach (D:2)
  3 hobgoblins
  3 jackals (D:2)
  4 kobolds
  2 giant newts
  15 goblins
  10 rats
52 creatures vanquished.

Vanquished Creatures (collateral kills)
  An adder (D:2)
1 creature vanquished.

Grand Total: 53 creatures vanquished

Notes
Turn   | Place    | Note
--------------------------------------------------------------
     0 | D:1      | Mefis the Deep Elf Wizard began the quest for the Orb.
     0 | D:1      | Reached XP level 1. HP: 10/10 MP: 7/7
   151 | D:1      | Reached XP level 2. HP: 15/15 MP: 7/9
   155 | D:1      | Learned a level 2 spell: Call Imp
   158 | D:1      | Learned a level 2 spell: Blink
   161 | D:1      | Learned a level 2 spell: Repel Missiles
   168 | D:1      | Reached skill level 5 in Spellcasting
   840 | D:2      | Reached XP level 3. HP: 19/19 MP: 9/12
   850 | D:2      | Learned a level 3 spell: Mephitic Cloud
   854 | D:2      | Learned a level 3 spell: Conjure Flame
  1312 | D:2      | Reached skill level 6 in Spellcasting
  1416 | D:2      | Found a snail-covered altar of Cheibriados.
  1735 | D:2      | Reached XP level 4. HP: 23/24 MP: 3/14
  2087 | D:3      | Noticed Crazy Yiuf
  2102 | D:3      | Killed Crazy Yiuf
  2394 | D:3      | Noticed warlockg3's ghost (amateur DrIE)
  2413 | D:3      | Found an ancient bone altar of Kikubaaqudgha.
  2593 | D:3      | Killed from afar by warlockg3's ghost

Vault maps used:
D:1:      minmay_arrival_shoal_huts
D:2:      wad_pebble_path, lemuel_doored_altar
D:3:      lemuel_coloured_pillars_altar, kiku_gazebo_pond_becter,
          uniq_crazy_yiuf_cottage

Skill      XL: |  1  2  3  4 |
---------------+-------------+-----
Spellcasting   | 5 6 |  6.6
Dodging        | 3 |  3.0
Stealth        | 3 |  3.0
Conjurations   | |  1.7
Summonings     | |  1.1
Translocations | |  1.1

Action                   |  1- 3 |  4- 6 || total
-------------------------+-------+-------++-------
 Cast: Magic Dart        |    91 |    24 ||   115
       Repel Missiles    |     1 |       ||     1
       Call Imp          |     1 |       ||     1
       Conjure Flame     |       |     3 ||     3
       Mephitic Cloud    |       |     1 ||     1
  Eat: Chunk             |     2 |     3 ||     5
Armor: Robe              |     1 |       ||     1
Dodge: Deflected         |     1 |       ||     1
       Dodged            |     8 |     2 ||    10
